Map: Neon Violet Square LE

Players

Test - Winner!

  • Race: Terran Terran
  • Spawn Location: 5:00

Nightlife

  • Race: Zerg Zerg
  • Spawn Location: 11:00

VOD

Have the link to the VOD?

Description

Time

  • Played on: May 13, 2018, 7:15 p.m.
  • Length: 14:15
Show
View Real Time Build Order
Export as new Build Order

Test Terran - Winner!

Build Orders:  

Get SALT Encoding   

  12  0:00  SCV  
  13  0:15  Supply Depot  
  13  0:20  SCV  
  14  0:25  Refinery  
  14  0:32  SCV  
  15  0:45  Barracks  
  15  0:48  SCV  
  16  1:03  SCV  
  17  1:15  SCV  
  18  1:32  Marine, Barracks  
  19  1:41  Barracks  
  19  1:42  Orbital Command  
  19  1:51  Barracks Reactor  
  19  1:54  Supply Depot  
  19  2:09  Engineering Bay  
  19  2:11  SCV  
  20  2:20  Barracks Reactor  
  20  2:24  SCV  
  21  2:30  Marine, Barracks Reactor  
  21  2:31  Marine  
  21  2:36  Supply Depot  
  23  2:48  Marine x2, Refinery  
  25  2:56  Marine x2  
  27  3:06  Marine x4  
  27  3:12  Terran Infantry Weapons Level 1  
  31  3:13  SCV  
  31  3:14  Marine  
  31  3:19  Marine  
  34  3:23  Marine  
  34  3:24  Supply Depot  
  35  3:29  SCV  
  35  3:31  Marine x2  
  38  3:41  Marine  
  38  3:46  Marine x2  
  41  3:50  Supply Depot  
  41  4:02  Marine  
  42  4:03  Supply Depot  
  42  4:04  Marine  
  43  4:11  Marine  
  43  4:13  Marine  
  43  4:17  Marine  
  45  4:20  Marine  
  29  4:54  Marine x6  
  34  5:09  Terran Infantry Armor Level 1  
  34  5:11  Marine  
  34  5:12  Marine x5  
  37  5:29  Marine x2  
  37  5:32  Marine x2  
  37  5:33  Marine x2  
  40  5:47  Marine x2  
  42  5:50  Marine x4  
  46  6:03  Factory  
  46  6:05  Marine x2  
  46  6:08  Marine  
  49  6:26  Command Center  
  49  6:49  Factory  
  49  6:51  Barracks Tech Lab  
  49  6:52  Marine x2  
  49  6:53  Marine  
  52  7:00  Supply Depot  
  52  7:01  SCV  
  53  7:11  Armory, Hellion x2  
  53  7:13  SCV  
  58  7:24  Marine x3  
  61  7:32  SCV  
  62  7:40  Orbital Command  
  62  7:56  Hellion  
  62  7:57  Hellion  
  66  7:59  SCV  
  69  8:06  Hellbat x2  
  69  8:11  SCV  
  72  8:13  Refinery  
  72  8:23  SCV  
  73  8:31  Barracks Tech Lab  
  73  8:45  Siege Tank  
  76  8:51  Hellbat x2  
  80  8:58  Refinery  
  80  9:02  Missile Turret  
  80  9:04  Command Center  
  80  9:09  Missile Turret  
  80  9:10  SCV  
  81  9:17  Siege Tank  
  81  9:23  SCV  
  85  9:25  Stimpack  
  85  9:27  Starport  
  85  9:40  Marine  
  86  9:56  Siege Tank, Marauder  
  86  9:59  Supply Depot x2  
  91  10:02  Supply Depot  
  91  10:17  Terran Infantry Weapons Level 2, Marauder  
  91  10:21  Starport  
  93  10:33  SCV, Refinery  
  93  10:35  SCV  
  95  10:39  Orbital Command  
  95  10:43  Marine x2  
  95  10:45  SCV  
  95  10:47  SCV  
  99  10:59  SCV  
  54  11:07  Marine x3  
  54  11:09  Siege Tank  
  32  11:29  Marine x2  
  32  11:30  Marine x2  
  36  11:36  Terran Vehicle Weapons Level 1  
  36  11:41  Siege Tank  
  39  11:55  SCV  
  39  11:56  SCV  
  40  12:06  Marine  
  40  12:07  Marine x4, SCV  
  30  12:15  Starport Tech Lab  
  26  12:24  Marine x2  
  26  12:29  Orbital Command  
  26  12:43  Banshee  
  29  12:55  Starport Tech Lab  
  29  13:06  SCV  
  30  13:18  SCV  
  31  13:25  Marine x4  
  31  13:26  Marine  
  35  13:30  SCV  
  36  13:35  Medivac  
  38  13:42  SCV  
  42  14:03  SCV  
Show
View Real Time Build Order
Export as new Build Order

Nightlife Zerg 

Build Orders: 3 Hatch before Pool 

Get SALT Encoding   

  12  0:04  Drone  
  13  0:15  Overlord  
  13  0:19  Drone  
  14  0:33  Drone x2  
  16  0:38  Drone  
  17  0:48  Drone  
  18  0:57  Hatchery  
  17  1:17  Drone  
  18  1:21  Hatchery  
  17  1:34  Spawning Pool  
  17  1:39  Drone  
  17  1:43  Drone x2  
  19  1:53  Extractor  
  18  1:54  Drone  
  19  2:05  Drone  
  20  2:11  Drone  
  21  2:17  Drone  
  22  2:24  Queen x2  
  22  2:26  Overlord  
  22  2:29  Zergling x2  
  27  2:31  Zergling x2  
  28  2:38  Queen  
  30  2:50  Drone x3  
  30  2:51  Drone  
  34  2:53  Drone  
  35  2:59  Drone x2  
  35  3:01  Drone  
  38  3:09  Metabolic Boost  
  38  3:12  Drone x2  
  40  3:20  Drone x2  
  40  3:22  Overlord  
  42  3:28  Overlord  
  42  3:34  Baneling Nest  
  41  3:43  Zergling x14  
  41  3:44  Zergling x2  
  49  3:49  Zergling x2  
  49  3:50  Zergling x6  
  53  3:56  Overlord  
  53  4:00  Zergling x6  
  53  4:01  Zergling x2  
  57  4:10  Zergling x2  
  57  4:13  Overlord x2  
  58  4:21  Zergling x12  
  64  4:26  Lair  
  59  4:39  Zergling x2  
  59  4:40  Zergling x12  
  58  4:57  Drone x3  
  58  4:58  Drone x2, Overlord x2  
  63  5:03  Extractor  
  63  5:07  Evolution Chamber x2  
  61  5:12  Drone x2  
  61  5:13  Drone x3  
  65  5:17  Drone  
  64  5:49  Drone  
  66  5:50  Drone x3  
  66  5:51  Overlord x2  
  66  5:53  Extractor  
  67  5:59  Drone x2  
  67  6:00  Drone  
  67  6:02  Drone x3  
  67  6:03  Extractor  
  72  6:04  Drone x2, Hatchery  
  72  6:05  Drone x3  
  76  6:12  Zerg Ground Armor Level 1, Zerg Melee Weapons Level 1  
  76  6:21  Drone  
  69  6:37  Queen  
  69  6:39  Zergling x2  
  72  6:40  Zergling x14, Hatchery  
  78  6:50  Queen  
  80  6:56  Centrifical Hooks  
  80  6:57  Overlord  
  80  6:58  Overlord x3  
  80  7:05  Infestation Pit  
  79  7:14  Extractor  
  79  7:15  Drone x3  
  81  7:16  Drone x3, Extractor  
  81  7:18  Drone x5  
  81  7:19  Drone x3  
  91  7:32  Drone x3  
  91  7:33  Overlord x2  
  94  7:46  Drone x3  
  97  7:56  Hive  
  97  8:02  Zergling x2  
  97  8:03  Zergling x36  
  114  8:37  Baneling x3  
  114  8:38  Baneling x25  
  114  8:40  Zergling x18  
  114  8:41  Zergling x34  
  140  8:42  Zergling x2  
  140  8:45  Zerg Melee Weapons Level 2  
  141  8:49  Zerg Ground Armor Level 2  
  141  9:05  Baneling x4  
  141  9:06  Baneling x3  
  141  9:11  Overseer  
  141  9:14  Pneumatized Carapace  
  141  9:15  Lair  
  141  9:20  Ultralisk Cavern  
  140  9:28  Zergling x2  
  140  9:29  Zergling x46  
  140  9:30  Zergling x6  
  168  9:31  Zergling x2  
  168  9:40  Adrenal Glands  
  168  10:02  Overlord x3  
  168  10:03  Overlord  
  168  10:20  Baneling x9  
  168  10:21  Baneling x18  
  168  10:39  Hatchery  
  167  10:55  Hatchery  
  146  11:21  Baneling x3  
  146  11:22  Zergling x2  
  146  11:23  Zergling x10  
  146  11:24  Zergling x56  
  146  11:25  Zergling x14  
  185  11:46  Queen  
  187  11:48  Overlord x2  
  174  12:39  Chitinous Plating  
  174  12:42  Spire  
  173  12:44  Spire  
  172  12:52  Queen  
Tags
 
Add a new tag
Caveats
  • Supply blocks, unpowered buildings, or Contaminate may cause inaccurate times.
  • Supply counts are checked every 10 seconds.